[Event "42nd Olympiad Baku 2016 Open"]
[Site "Baku"]
[Date "2016.09.08"]
[Round "6.3"]
[White "Batchuluun, Tsegmed"]
[Black "Filippov, Anton"]
[Result "1/2-1/2"]
[ECO "D30"]
[WhiteElo "2513"]
[BlackElo "2582"]
[Annotator ""]
[PlyCount "82"]
[EventDate "2016.??.??"]
[EventCountry "AZE"]
[SourceTitle "playchess.com"]
[Source "ChessBase"]
[WhiteTeam "Mongolia"]
[BlackTeam "Uzbekistan"]
[WhiteTeamCountry "MGL"]
[BlackTeamCountry "UZB"]
[TimeControl "40/5400+30:1800+30"]

1. d4 {(00:00} d5 {(00:00} 2. c4 {(00:00} e6 {(
00:00} 3. Nf3 {(00:27} c6 {(00:00} 4. Qc2 {(01:14}
dxc4 {(01:21} 5. Qxc4 {(00:07} Nf6 {(00:06} 6. Qc2 {
(02:29} c5 {(00:08} 7. dxc5 {(00:36} Qa5+ {(01:
14} 8. Nbd2 {(05:44} Nc6 {(05:58} 9. a3 {(00:22} Bd7 {
(10:58} 10. e3 {(10:16} Rc8 {(02:49} 11. Be2 {(
02:50} Qxc5 {(01:34} 12. Qxc5 {(01:43} Bxc5 {(00:07}
13. O-O {(00:25} Bd6 {(03:55} 14. Nc4 {(03:54} Bb8 {
(00:54} 15. Rd1 {(01:08} Ne4 {(18:30} 16. Nfd2 {
(11:18} Nxd2 {(08:31} 17. Bxd2 {(00:12} Ke7 {(
16:29} 18. Na5 {(13:28} b6 {(00:53} 19. Nxc6+ {(01:34}
Bxc6 {(00:04} 20. Bb4+ {(00:17} Kf6 {(00:18} 21. f4 {
(07:22} Rhd8 {(09:13} 22. Rxd8 {(12:04} Rxd8 {(
00:08} 23. g4 {(00:47} Kg6 {(07:38} 24. h4 {(02:41} f6
{(00:26} 25. Bc4 {(10:35} Bd5 {(02:05} 26. Rd1 {
(00:19} Bc7 {(00:52} 27. h5+ {(06:05} Kf7 {(00:
28} 28. Bxd5 {(00:06} Rxd5 {(00:35} 29. Rxd5 {(02:05}
exd5 {(00:05} 30. a4 {(00:17} g6 {(01:26} 31. hxg6+ {
(00:53} hxg6 {(03:54} 32. f5 {(02:47} gxf5 {(00:
19} 33. gxf5 {(00:01} Kg7 {(02:33} 34. Kg2 {(00:05}
Kh6 {(00:35} 35. Kf3 {(00:02} Kg5 {(00:19} 36. e4 {
(00:02} dxe4+ {(00:18} 37. Kxe4 {(00:03} a6 {(
02:36} 38. Bd2+ {(01:27} Kg4 {(00:06} 39. Bc3 {(00:05}
Kg5 {(00:04} 40. b4 {(00:00} b5 {(00:00} 41. a5 {
(06:28} Bg3 {(00:55} 1/2-1/2

[Event "42nd Olympiad Baku 2016 Open"]
[Site "Baku"]
[Date "2016.09.08"]
[Round "6.6"]
[White "Bello, Gassan"]
[Black "Mosutha, Thuso"]
[Result "1/2-1/2"]
[ECO "B76"]
[WhiteElo "2096"]
[BlackElo "1930"]
[Annotator ""]
[PlyCount "50"]
[EventDate "2016.??.??"]
[EventCountry "AZE"]
[SourceTitle "playchess.com"]
[Source "ChessBase"]
[WhiteTeam "Syria"]
[BlackTeam "Botswana"]
[WhiteTeamCountry "SYR"]
[BlackTeamCountry "BOT"]
[TimeControl "40/5400+30:1800+30"]

1. e4 c5 {(00:00} 2. Nf3 {(00:00} d6 {(00:17} 3. d4 {
(00:00} cxd4 {(00:04} 4. Nxd4 {(00:00} Nf6 {(00:
18} 5. Nc3 {(00:00} g6 {(00:26} 6. Be3 {(00:14} Bg7 {
(00:08} 7. f3 {(00:03} O-O {(00:50} 8. Qd2 {(00:
06} Nc6 {(00:05} 9. O-O-O {(02:45} Nxd4 {(07:13} 10.
Bxd4 {(00:26} Be6 {(00:07} 11. Nd5 {(01:49} Bxd5 {
(01:01} 12. exd5 {(00:22} Qc7 {(00:24} 13. h4 {(
08:45} Rfc8 {(01:59} 14. Bd3 {(08:29} Nxd5 {(11:28}
15. Bxg7 {(00:25} Kxg7 {(00:05} 16. h5 {(00:18} Qc5 {
(21:50} 17. hxg6 {(00:25} hxg6 {(00:12} 18. Qh6+ {
(08:17} Kf6 {(00:31} 19. Qh4+ {(01:23} Kg7 {(00:
27} 20. Qh7+ {(03:44} Kf6 {(00:25} 21. Qh4+ {(03:46}
Kg7 {(00:13} 22. Qh6+ {(09:10} Kf6 {(02:52} 23. Qh4+ {
(15:53} Kg7 {(06:27} 24. Qh7+ {(16:11} Kf6 {(00:
12} 25. Qh4+ {(04:38} Kg7 {(00:09} 1/2-1/2

[Event "42nd Olympiad Baku 2016 Open"]
[Site "Baku"]
[Date "2016.09.08"]
[Round "6.26"]
[White "Belouadah, Saad"]
[Black "Collutiis, Duilio"]
[Result "1-0"]
[ECO "B07"]
[WhiteElo "2340"]
[BlackElo "2441"]
[Annotator ""]
[PlyCount "57"]
[EventDate "2016.??.??"]
[EventCountry "AZE"]
[SourceTitle "playchess.com"]
[Source "ChessBase"]
[WhiteTeam "ALG"]
[BlackTeam "ICCD"]
[WhiteTeamCountry "ALG"]
[BlackTeamCountry "ITA"]
[TimeControl "40/5400+30:1800+30"]

1. d4 {(00:56} d6 {(00:54} 2. Nc3 {(00:56} Nf6 {
(00:11} 3. e4 {(00:12} c6 {(00:18} 4. Nge2 {(01:
13} e5 {(01:10} 5. h3 {(00:32} b5 {(08:01} 6. a3 {
(02:30} Bb7 {(01:57} 7. g4 {(10:42} Nbd7 {(00:
56} 8. Bg2 {(00:12} a5 {(00:40} 9. Ng3 {(01:03} b4 {
(16:04} 10. Nce2 {(02:53} h6 {(00:40} 11. O-O {(
03:33} g6 {(02:10} 12. Be3 {(00:57} h5 {(01:56} 13. g5
{(00:28} Nh7 {(00:08} 14. h4 {(00:05} Be7 {(01:
49} 15. f4 {(00:29} c5 {(06:35} 16. c3 {(10:22} O-O {
(06:42} 17. f5 {(01:11} exd4 {(04:51} 18. cxd4 {
(00:11} Qc7 {(00:04} 19. Rc1 {(05:09} Qb8 {(05:
16} 20. axb4 {(03:35} cxd4 {(02:55} 21. Bxd4 {(03:22}
Ne5 {(00:39} 22. Nf4 {(01:15} d5 {(09:50} 23. Nxd5 {
(03:34} Bxd5 {(00:18} 24. exd5 {(00:02} Ng4 {(
00:33} 25. Qd3 {(00:57} gxf5 {(04:17} 26. Bh3 {(06:07}
Bd6 {(13:50} 27. Nxf5 {(05:43} Be5 {(00:25} 28. Bxg4 {
(00:20} hxg4 {(00:08} 29. Ne7+ {(00:10} 1-0

[Event "42nd Olympiad Baku 2016 Open"]
[Site "Baku"]
[Date "2016.09.08"]
[Round "6.34"]
[White "Belzo, Krzysztof"]
[Black "Amer Said Salim Al Maashani"]
[Result "1-0"]
[ECO "A20"]
[WhiteElo "2044"]
[BlackElo "2044"]
[Annotator ""]
[PlyCount "61"]
[EventDate "2016.??.??"]
[EventCountry "AZE"]
[SourceTitle "playchess.com"]
[Source "ChessBase"]
[WhiteTeam "Channel Islands"]
[BlackTeam "OMA"]
[WhiteTeamCountry "JCI"]
[TimeControl "40/5400+30:1800+30"]

1. c4 {(00:00} e5 {(00:00} 2. g3 {(00:00} Nf6 {(
00:00} 3. Bg2 {(00:02} d5 {(00:01} 4. cxd5 {(00:32}
Nxd5 {(00:08} 5. Nc3 {(01:07} Nb6 {(00:15} 6. Nf3 {
(00:19} Nc6 {(00:12} 7. O-O {(01:49} Be7 {(00:
16} 8. a3 {(08:18} a5 {(06:07} 9. d3 {(04:18} O-O {
(02:26} 10. Be3 {(01:33} Be6 {(05:26} 11. Ne4 {(
07:30} Nd5 {(11:33} 12. Bc5 {(02:50} f6 {(05:33} 13.
Rc1 {(01:39} b6 {(02:41} 14. Bxe7 {(05:16} Ndxe7 {
(07:02} 15. Qa4 {(03:33} Qd7 {(00:57} 16. Rfd1 {
(01:13} Rac8 {(08:43} 17. d4 {(04:53} Nxd4 {(04:
45} 18. Qxd7 {(00:37} Bxd7 {(00:14} 19. Nxd4 {(01:04}
exd4 {(00:24} 20. Rxd4 {(00:44} Be6 {(08:15} 21. Nc3 {
(05:42} Rfd8 {(08:47} 22. Rcd1 {(00:05} Rxd4 {(
00:37} 23. Rxd4 {(00:02} Nf5 {(05:17} 24. Rd1 {(06:34}
Kf8 {(03:53} 25. Nb5 {(07:26} Ke7 {(03:00} 26. Na7 {
(05:45} Rh8 {(01:02} 27. Nc6+ {(01:37} Kf7 {(00:
34} 28. Nd8+ {(03:06} Ke7 {(01:11} 29. Nxe6 {(00:05}
Kxe6 {(00:04} 30. Bh3 {(00:14} Ke5 {(05:28} 31. f4+ {
(00:06} 1-0

[Event "42nd Olympiad Baku 2016 Open"]
[Site "Baku"]
[Date "2016.09.08"]
[Round "6.6"]
[White "Berkes, Ferenc"]
[Black "Rodi, Luis Ernesto"]
[Result "1-0"]
[ECO "A04"]
[WhiteElo "2640"]
[BlackElo "2340"]
[Annotator ""]
[PlyCount "61"]
[EventDate "2016.??.??"]
[EventCountry "AZE"]
[SourceTitle "playchess.com"]
[Source "ChessBase"]
[WhiteTeam "Hungary"]
[BlackTeam "Uruguay"]
[WhiteTeamCountry "HUN"]
[BlackTeamCountry "URU"]
[TimeControl "40/5400+30:1800+30"]

1. Nf3 {(00:00} f5 {(00:00} 2. b4 {(00:00} Nf6 {
(00:45} 3. Bb2 {(00:00} g6 {(00:08} 4. d4 {(03:
28} Bg7 {(00:17} 5. Nbd2 {(00:07} d6 {(02:44} 6. e3 {
(00:08} c6 {(08:33} 7. Bd3 {(02:45} O-O {(04:32]
} 8. O-O {(00:13} Kh8 {(01:06} 9. c4 {(19:34} Be6 {
(09:26} 10. Qc2 {(01:01} Nbd7 {(04:14} 11. Rfe1 {
(12:34} Bg8 {(06:03} 12. a4 {(04:21} Qc7 {(13:
01} 13. e4 {(01:44} fxe4 {(00:10} 14. Nxe4 {(00:08}
Rae8 {(12:41} 15. Ng3 {(00:29} a5 {(06:26} 16. bxa5 {
(04:02} Qxa5 {(06:38} 17. Bc3 {(00:54} Qc7 {(00:
06} 18. Re2 {(02:35} e5 {(01:54} 19. dxe5 {(00:13}
Nxe5 {(00:06} 20. Nxe5 {(00:38} dxe5 {(00:02} 21. Rae1
{(00:15} Nd7 {(02:02} 22. Ne4 {(00:33} Rf4 {(03:
02} 23. a5 {(02:28} Nf6 {(04:01} 24. Nxf6 {(02:38}
Bxf6 {(00:07} 25. g3 {(00:55} Rxc4 {(02:21} 26. Bxc4 {
(01:38} Bxc4 {(00:02} 27. Bxe5 {(03:01} Rxe5 {(
00:14} 28. Qxc4 {(00:12} Rd5 {(04:38} 29. a6 {(03:08}
bxa6 {(00:51} 30. Re6 {(00:27} Rd6 {(08:07} 31. Qc5 {
(00:15} 1-0

[Event "42nd Olympiad Baku 2016 Open"]
[Site "Baku"]
[Date "2016.09.08"]
[Round "6.11"]
[White "Bhandari, Kshitiz"]
[Black "Barrientos, Sergio E"]
[Result "0-1"]
[ECO "A05"]
[WhiteElo "2013"]
[BlackElo "2465"]
[Annotator ""]
[PlyCount "66"]
[EventDate "2016.??.??"]
[EventCountry "AZE"]
[SourceTitle "playchess.com"]
[Source "ChessBase"]
[WhiteTeam "Nepal"]
[BlackTeam "Colombia"]
[WhiteTeamCountry "NEP"]
[BlackTeamCountry "COL"]
[TimeControl "40/5400+30:1800+30"]

1. Nf3 {(00:00} Nf6 {(00:00} 2. d3 {(00:00} d5 {
(00:43} 3. g3 {(00:00} e6 {(01:20} 4. Bg2 {(00:
02} Be7 {(00:05} 5. O-O {(00:04} O-O {(00:22} 6. Nbd2
{(01:43} Nc6 {(00:23} 7. c3 {(04:34} a5 {(01:47]
} 8. e4 {(01:52} dxe4 {(02:59} 9. dxe4 {(01:58} e5 {
(00:13} 10. Qc2 {(02:37} Bc5 {(01:15} 11. Nc4 {(
01:08} Qe7 {(01:32} 12. h3 {(02:40} Rd8 {(03:10} 13.
Be3 {(12:38} Be6 {(03:04} 14. Bxc5 {(03:57} Qxc5 {
(00:07} 15. Ne3 {(00:07} h6 {(01:55} 16. Nh4 {(
06:16} Rd7 {(03:46} 17. Rfd1 {(01:11} Rxd1+ {(00:29}
18. Rxd1 {(01:53} a4 {(03:03} 19. Nd5 {(02:42} Bxd5 {
(01:13} 20. exd5 {(00:10} Ne7 {(00:18} 21. c4 {(
07:50} Nc8 {(02:55} 22. Qc3 {(06:08} Nd6 {(02:18} 23.
Bf1 {(15:55} a3 {(02:48} 24. b4 {(15:35} Qxf2+ {
(00:28} 25. Kxf2 {(00:02} Nde4+ {(00:40} 26. Ke1 {
(02:13} Nxc3 {(00:05} 27. Rd2 {(00:12} Ra4 {(01:
32} 28. Rc2 {(08:47} Nfe4 {(00:20} 29. Bd3 {(00:24}
Rxb4 {(00:14} 30. Bxe4 {(01:40} Rb1+ {(01:05} 31. Kf2 {
(00:34} Nxe4+ {(00:06} 32. Kf3 {(00:17} Rb2 {(
00:28} 33. Rc1 Nd2+ {(01:51} 0-1

[Event "42nd Olympiad Baku 2016 Open"]
[Site "Baku"]
[Date "2016.09.08"]
[Round "6.17"]
[White "Blijstra, Wim"]
[Black "Lodhi, Mahmood"]
[Result "0-1"]
[ECO "D43"]
[WhiteElo "2216"]
[BlackElo "2334"]
[Annotator ""]
[PlyCount "130"]
[EventDate "2016.??.??"]
[EventCountry "AZE"]
[SourceTitle "playchess.com"]
[Source "ChessBase"]
[WhiteTeam "Netherlands Antilles"]
[BlackTeam "Pakistan"]
[WhiteTeamCountry "AHO"]
[BlackTeamCountry "PAK"]
[TimeControl "40/5400+30:1800+30"]

1. Nf3 {(00:00} d5 {(00:00} 2. d4 {(00:04} Nf6 {
(00:00} 3. c4 {(00:22} c6 {(00:43} 4. Nc3 {(03:
27} e6 {(01:34} 5. Bg5 {(00:18} Nbd7 {(00:14} 6. cxd5
{(08:21} exd5 {(01:03} 7. e3 {(00:13} Be7 {(05:
03} 8. Qc2 {(02:19} O-O {(01:16} 9. Bd3 {(01:15} Re8 {
(00:25} 10. h3 {(07:18} Nf8 {(03:58} 11. Ne5 {(
02:32} Nh5 {(16:18} 12. Bxe7 {(03:52} Qxe7 {(00:17}
13. O-O {(00:45} f6 {(02:33} 14. Nf3 {(00:31} g6 {
(01:40} 15. Rab1 {(00:14} Qd6 {(04:28} 16. b4 {(
00:35} a6 {(04:27} 17. a4 {(00:36} Be6 {(01:50} 18. b5
{(00:28} cxb5 {(01:43} 19. axb5 {(00:04} a5 {(
00:16} 20. b6 {(00:53} Rec8 {(01:07} 21. Qb3 {(04:20}
Nd7 {(01:36} 22. Na4 {(07:17} Ng7 {(08:27} 23. Bb5 {
(08:56} Bf7 {(04:53} 24. Ne1 {(02:22} Nxb6 {(04:
20} 25. Nc5 {(00:45} Rc7 {(03:01} 26. Qa2 {(05:08} Nc8
{(05:30} 27. Ned3 {(01:40} b6 {(00:49} 28. Na4 {
(00:03} Nf5 {(04:03} 29. Rb3 {(02:38} Qd8 {(03:
42} 30. Rfb1 {(01:20} Nfd6 {(00:28} 31. Nf4 {(00:17}
g5 {(02:05} 32. Ne2 {(00:41} Nc4 {(09:32} 33. Nac3 {
(05:14} N8d6 {(01:18} 34. Ba4 {(00:07} Rac8 {(
01:04} 35. Nb5 {(00:41} Nxb5 {(00:15} 36. Bxb5 {(00:30]
} Bg6 {(01:11} 37. Rc1 {(03:01} Kg7 {(01:11} 38. Ba6 {
(01:59} Rb8 {(01:15} 39. Bb5 {(00:04} Rbc8 {(01:
43} 40. Rbc3 {(00:00} Bf7 {(00:00} 41. Ba6 {(02:58}
Ra8 {(12:00} 42. Bb5 {(00:04} Raa7 {(00:34} 43. Qc2 {
(01:12} Bg6 {(02:57} 44. Qa2 {(00:22} Nd6 {(01:
48} 45. Qxd5 {(06:36} Bf7 {(00:21} 46. Rxc7 {(00:09}
Rxc7 {(00:09} 47. Rxc7 {(00:07} Qxc7 {(00:06} 48. Qc6 {
(00:06} Qxc6 {(00:41} 49. Bxc6 {(00:03} Bc4 {(
00:14} 50. Nc3 {(01:17} b5 {(00:08} 51. e4 {(00:06} b4
{(00:15} 52. Na4 {(00:39} Bb5 {(00:36} 53. d5 {(
08:23} Bxa4 {(00:21} 54. Bxa4 {(00:08} Nxe4 {(00:04}
55. Kf1 {(00:39} Nc5 {(00:22} 56. d6 {(02:09} Kf7 {
(00:50} 57. Bc6 {(00:01} Ke6 {(00:14} 58. d7 {(
00:07} Nxd7 {(00:31} 59. Ke2 {(00:06} Nc5 {(00:09} 60.
Kd2 {(00:05} a4 {(00:25} 61. Kc2 {(00:03} a3 {(
00:28} 62. Bb5 {(02:51} b3+ {(00:41} 63. Kc3 {(00:05}
Ke5 {(00:22} 64. g3 {(00:10} a2 {(00:50} 65. Kb2 {
(00:08} Kd4 {(00:25} 0-1

[Event "42nd Olympiad Baku 2016 Open"]
[Site "Baku"]
[Date "2016.09.08"]
[Round "6.10"]
[White "Blomqvist, Erik"]
[Black "Adly, Ahmed"]
[Result "1-0"]
[ECO "B52"]
[WhiteElo "2545"]
[BlackElo "2603"]
[Annotator ""]
[PlyCount "137"]
[EventDate "2016.??.??"]
[EventCountry "AZE"]
[SourceTitle "playchess.com"]
[Source "ChessBase"]
[WhiteTeam "Sweden"]
[BlackTeam "Egypt"]
[WhiteTeamCountry "SWE"]
[BlackTeamCountry "EGY"]
[TimeControl "40/5400+30:1800+30"]

1. e4 {(00:00} c5 {(00:00} 2. Nf3 {(00:00} d6 {(
00:00} 3. Bb5+ {(00:00} Bd7 {(00:00} 4. Bxd7+ {(00:00}
Qxd7 {(00:00} 5. c4 {(00:05} Nf6 {(00:04} 6. Nc3 {
(00:07} Nc6 {(00:05} 7. d4 {(00:07} cxd4 {(00:
24} 8. Nxd4 {(00:08} Qg4 {(00:05} 9. Qxg4 {(02:15}
Nxg4 {(00:05} 10. Nxc6 {(01:46} bxc6 {(00:06} 11. b3 {
(01:28} g6 {(00:43} 12. Bb2 {(02:20} Rg8 {(13:
57} 13. h3 {(04:30} Ne5 {(00:10} 14. O-O-O {(00:37}
Bh6+ {(00:44} 15. Kc2 {(00:31} f5 {(00:04} 16. Rhe1 {
(05:34} f4 {(04:04} 17. f3 {(10:39} Bg7 {(06:18]
} 18. Ne2 {(03:58} g5 {(05:58} 19. Nd4 {(01:28} Bf6 {
(18:59} 20. c5 {(18:37} dxc5 {(02:23} 21. Ne6 {(
03:21} Rc8 {(00:15} 22. Nxc5 {(01:11} h5 {(00:15} 23.
Re2 {(07:49} g4 {(00:53} 24. hxg4 {(01:09} hxg4 {
(00:03} 25. Bxe5 {(08:58} Bxe5 {(00:56} 26. Nd3 {
(00:19} Bb8 {(08:56} 27. e5 {(01:05} gxf3 {(00:
38} 28. gxf3 {(00:09} Rd8 {(00:44} 29. Rh1 {(06:47}
Rd5 {(03:17} 30. Rh4 {(01:43} Rf8 {(00:22} 31. Re4 {
(02:15} Kd7 {(01:28} 32. b4 {(06:01} Kc8 {(04:
08} 33. Rh6 {(01:58} Kb7 {(03:02} 34. Re6 {(01:03} Rf7
{(00:30} 35. Rc4 {(02:42} Bc7 {(02:50} 36. a4 {(
03:03} Rh7 {(03:36} 37. a5 {(01:48} Rh2+ {(01:18} 38.
Kc3 {(00:03} Re2 {(00:16} 39. Rexc6 {(02:49} Bb8 {
(02:41} 40. a6+ {(00:00} Ka8 {(00:00} 41. Rd4 {(
10:05} Rb5 {(05:30} 42. Rxf4 {(03:30} e6 {(02:48} 43.
Rxe6 {(01:42} Rd5 {(00:58} 44. Rd4 {(00:55} Rd8 {
(00:06} 45. f4 {(01:51} Ra2 {(01:15} 46. Nc5 {(
01:32} Ra3+ {(01:06} 47. Kc4 {(00:07} Rf8 {(00:38} 48.
Rf6 {(00:58} Rf3 {(00:27} 49. Ne6 {(04:20} Rc8+ {
(00:37} 50. Kd5 {(00:19} Rc1 {(00:41} 51. Rf8 {(
00:32} Rfc3 {(00:20} 52. Rf6 {(01:44} Rc8 {(00:33} 53.
Rf7 {(00:23} Re1 {(00:57} 54. Rd7 {(00:23} Rc2 {
(00:24} 55. Nd8 {(00:35} Rec1 {(06:22} 56. e6 Rh1 {
(00:30} 57. e7 {(01:03} Re2 {(01:06} 58. Nc6 {(
03:13} Rh5+ {(00:11} 59. Kc4 {(01:00} Rc2+ {(01:23}
60. Kd3 {(00:20} Rxc6 {(00:08} 61. e8=Q {(00:40} Rc3+ {
(00:24} 62. Kxc3 {(00:21} Rc5+ {(00:17} 63. Kd3 {
(00:33} Rc3+ {(00:03} 64. Ke2 {(02:23} Rc2+ {(
00:05} 65. Kf3 {(00:10} Rf2+ {(00:05} 66. Kg4 {(00:06}
Rxf4+ 67. Kg5 {(00:11} Rg4+ {(02:22} 68. Kh6 {(00:17}
Rh4+ {(00:09} 69. Qh5 {(00:06} 1-0

[Event "42nd Olympiad Baku 2016 Open"]
[Site "Baku"]
[Date "2016.09.08"]
[Round "6.23"]
[White "Bluebaum, Matthias"]
[Black "Tomashevsky, Evgeny"]
[Result "1/2-1/2"]
[ECO "D37"]
[WhiteElo "2626"]
[BlackElo "2731"]
[Annotator ""]
[PlyCount "97"]
[EventDate "2016.??.??"]
[EventCountry "AZE"]
[SourceTitle "playchess.com"]
[Source "ChessBase"]
[WhiteTeam "Germany"]
[BlackTeam "Russia"]
[WhiteTeamCountry "GER"]
[BlackTeamCountry "RUS"]
[TimeControl "40/5400+30:1800+30"]

1. d4 {(00:00} Nf6 {(00:00} 2. c4 {(00:00} e6 {(
00:00} 3. Nf3 {(00:04} d5 {(00:00} 4. Nc3 {(01:49}
Nbd7 {(00:03} 5. Qc2 {(01:57} dxc4 {(02:10} 6. e4 {
(01:26} c5 {(01:35} 7. dxc5 {(04:33} Bxc5 {(00:
55} 8. Bxc4 {(00:05} Qc7 {(01:09} 9. Qe2 {(08:57} O-O
{(01:16} 10. O-O {(02:22} Ne5 {(02:14} 11. Bf4 {
(09:22} Bd6 {(00:45} 12. Bxe5 {(05:25} Bxe5 {(
01:59} 13. Nxe5 {(00:53} Qxe5 {(00:09} 14. Kh1 {(00:04]
} Qf4 {(02:08} 15. f3 {(21:17} Bd7 {(39:35} 16. Rad1 {
(15:03} Bc6 {(16:53} 17. Bb5 {(01:29} Bxb5 {(02:
29} 18. Qxb5 {(00:07} Qc7 {(04:16} 19. Rd2 {(12:04}
Rfd8 {(01:32} 20. Rfd1 {(00:56} Rxd2 {(03:03} 21. Rxd2
{(00:03} h6 {(00:14} 22. Qd3 {(01:38} Rc8 {(04:
34} 23. g3 {(02:41} Qc5 {(01:50} 24. Kg2 {(00:55} a6 {
(01:26} 25. Qd4 {(03:49} Qxd4 {(01:37} 26. Rxd4 {
(00:04} Kf8 {(00:07} 27. Kf2 {(01:34} Ke7 {(00:
19} 28. Rb4 {(01:30} Rc7 {(01:03} 29. Ke3 {(00:22} Nd7
{(03:11} 30. f4 {(00:55} b5 {(03:40} 31. a4 {(
01:19} bxa4 {(00:30} 32. Rxa4 {(00:37} Rc6 {(02:20}
33. e5 {(01:23} g5 {(00:48} 34. Kd4 {(00:56} gxf4 {
(00:11} 35. gxf4 {(00:02} f6 {(00:44} 36. exf6+ {
(00:36} Nxf6 {(00:37} 37. Ra5 {(01:09} Rb6 {(01:
52} 38. h3 {(00:39} Rb4+ {(00:49} 39. Ke3 {(00:07}
Rxb2 {(00:05} 40. Rxa6 {(00:00} Rh2 {(00:00} 41. Ra7+ {
(03:59} Nd7 {(05:14} 42. Ne4 {(02:58} Rxh3+ {(
00:23} 43. Kd4 {(01:04} Rh1 {(02:01} 44. Nc5 {(01:17}
Rd1+ {(00:25} 45. Ke4 {(00:24} h5 {(15:08} 46. Rxd7+ {
(01:54} Rxd7 {(00:05} 47. Nxd7 {(00:04} Kxd7 {(
00:04} 48. f5 {(00:11} exf5+ {(00:14} 49. Kxf5 {(00:05]
} 1/2-1/2

[Event "42nd Olympiad Baku 2016 Open"]
[Site "Baku"]
[Date "2016.09.08"]
[Round "6.4"]
[White "Bok, Benjamin"]
[Black "Sethuraman, S P."]
[Result "1/2-1/2"]
[ECO "B91"]
[WhiteElo "2592"]
[BlackElo "2640"]
[Annotator ""]
[PlyCount "65"]
[EventDate "2016.??.??"]
[EventCountry "AZE"]
[SourceTitle "playchess.com"]
[Source "ChessBase"]
[WhiteTeam "Netherlands"]
[BlackTeam "India"]
[WhiteTeamCountry "NED"]
[BlackTeamCountry "IND"]
[TimeControl "40/5400+30:1800+30"]

1. e4 {(00:00} c5 {(00:00} 2. Nf3 {(00:00} d6 {(
00:10} 3. d4 {(00:00} cxd4 {(00:05} 4. Nxd4 {(00:00}
Nf6 {(00:06} 5. Nc3 {(00:00} a6 {(00:04} 6. g3 {
(00:00} e5 {(00:38} 7. Nde2 {(00:04} Be7 {(00:
31} 8. Bg2 {(00:08} O-O {(02:39} 9. O-O {(00:07} Be6 {
(01:02} 10. a4 {(00:23} Qc8 {(01:30} 11. b3 {(
10:33} Rd8 {(22:04} 12. Ba3 {(09:07} Bf8 {(10:56} 13.
Qd2 {(03:43} Nbd7 {(01:46} 14. Rfd1 {(10:54} Nc5 {
(02:27} 15. a5 {(01:17} Qc7 {(09:07} 16. Qe3 {(
02:32} Rac8 {(01:32} 17. h3 {(03:08} Re8 {(13:27} 18.
Bb2 {(07:44} h6 {(01:38} 19. g4 {(04:36} b5 {(
06:44} 20. axb6 {(01:25} Qxb6 {(00:07} 21. Ng3 {(09:24]
} a5 {(05:35} 22. Bc1 {(01:13} Ra8 {(08:34} 23. Bd2 {
(02:18} Qc6 {(00:05} 24. Nf5 {(09:23} Ncd7 {(04:
02} 25. Be1 {(02:01} Nb6 {(00:16} 26. Qd3 {(05:47} a4
{(01:15} 27. bxa4 {(04:37} Nxa4 {(01:12} 28. Qb5 {
(02:55} Qxb5 {(00:44} 29. Nxb5 {(00:02} Nb2 {(
00:11} 30. Rdb1 {(03:11} Nc4 {(00:43} 31. Nc7 {(03:27}
Rxa1 {(00:05} 32. Rxa1 {(00:02} Rc8 {(01:51} 33. Ra7 {
(00:21} 1/2-1/2

[Event "42nd Olympiad Baku 2016 Open"]
[Site "Baku"]
[Date "2016.09.08"]
[Round "6.10"]
[White "Bruzon Batista, Lazaro"]
[Black "Atabayev, Saparmyrat"]
[Result "1-0"]
[ECO "A45"]
[WhiteElo "2623"]
[BlackElo "2406"]
[Annotator ""]
[PlyCount "109"]
[EventDate "2016.??.??"]
[EventCountry "AZE"]
[SourceTitle "playchess.com"]
[Source "ChessBase"]
[WhiteTeam "Cuba"]
[BlackTeam "Turkmenistan"]
[WhiteTeamCountry "CUB"]
[BlackTeamCountry "TKM"]
[TimeControl "40/5400+30:1800+30"]

1. d4 {(00:00} Nf6 {(00:00} 2. Bg5 {(00:00} g6 {
(00:43} 3. Nd2 {(03:16} d5 {(00:22} 4. e3 {(05:
16} Bg7 {(00:14} 5. Ngf3 {(00:05} O-O {(02:23} 6. Be2
{(00:10} c5 {(01:24} 7. c3 {(02:17} b6 {(03:18}
8. O-O {(00:10} Nc6 {(01:44} 9. h3 {(07:24} h6 {
(05:09} 10. Bh4 {(01:33} Bb7 {(09:40} 11. a3 {(
14:56} a5 {(05:46} 12. a4 {(07:42} Nd7 {(01:42} 13.
Qb3 {(04:35} Qc8 {(05:47} 14. Bg3 {(10:01} Re8 {
(08:02} 15. Rfd1 {(02:53} e6 {(17:59} 16. Rac1 {
(00:45} Ba6 {(01:27} 17. Bxa6 {(16:57} Qxa6 {(
00:10} 18. Nb1 {(05:48} c4 {(03:50} 19. Qc2 {(00:06}
b5 {(00:31} 20. axb5 {(01:18} Qxb5 {(00:01} 21. Na3 {
(00:10} Qa6 {(01:15} 22. e4 {(01:21} a4 {(01:31]
} 23. Nd2 {(01:41} f5 {(08:53} 24. exf5 {(02:35} exf5 {
(00:08} 25. Nf1 {(02:44} Re4 {(03:58} 26. Ra1 {(
01:44} Qb7 {(05:45} 27. Re1 {(03:01} Qb3 {(04:51} 28.
Rxe4 {(00:26} fxe4 {(01:11} 29. Ne3 {(01:08} Ne7 {
(01:39} 30. Qc1 {(01:39} Ra6 {(01:46} 31. Nac2 {
(00:53} Rb6 {(01:37} 32. Bc7 {(00:33} Rb5 {(01:
50} 33. Bd6 {(00:16} Nc6 {(00:08} 34. Na3 {(01:37} Ra5
{(01:32} 35. Bc7 {(00:19} Nb6 {(00:34} 36. Qc2 {
(01:57} Qxc2 {(00:08} 37. Naxc2 {(00:26} Rb5 {(
00:04} 38. Bxb6 {(00:10} Rxb6 {(00:02} 39. Nxd5 {(00:
11} Rxb2 {(00:23} 40. Nce3 {(00:00} Nxd4 {(00:00} 41.
cxd4 {(01:08} c3 {(02:42} 42. Nxc3 {(02:47} Bxd4 {
(00:07} 43. Nxa4 {(01:26} Rxf2 {(02:45} 44. Kxf2 {
(04:35} Bxa1 {(00:01} 45. Nc5 {(00:06} Kf7 {(00:
07} 46. Nxe4 {(00:06} h5 {(00:16} 47. Kf3 {(00:41} Bg7
{(00:31} 48. Nd6+ {(01:53} Ke6 {(00:11} 49. Ndc4 {
(00:09} Kf6 {(00:38} 50. Ke4 {(00:07} Bf8 {(00:
48} 51. Ne5 {(00:44} Kg5 {(03:05} 52. Nd5 {(00:34} Ba3
{(00:38} 53. Nf4 {(02:47} Kh4 {(00:19} 54. Kf3 {
(02:02} Bd6 {(00:03} 55. g3+ {(00:28} 1-0